 Dungeon Crawl Stone Soup version 0.17-a0-1850-g688e747 (webtiles) character file.

268 DecibelRebel the Basher (level 6, -19/76 HPs)
             Began as a Minotaur Berserker on Sept 19, 2015.
             Was a Priest of Trog.
             Demolished by an orc warrior
             ... wielding a +0 halberd
              (22 damage)
             ... on level 3 of the Dungeon.
             The game lasted 00:11:59 (2116 turns).

DecibelRebel the Basher (Minotaur Berserker)        Turns: 2116, Time: 00:11:59

Health: -19/76     AC:  7    Str: 27    XL:     6   Next: 1%
Magic:  5/5        EV: 11    Int:  4    God:    Trog [***...]
Gold:   73         SH:  0    Dex: 11    Spells: 0 memorised, 5 levels left

rFire  . . .     SeeInvis .     r - +1 mace (crush)
rCold  . . .     Clarity  .     h - +0 ring mail
rNeg   . . .     SustAt   .     (no shield)
rPois  .         Gourm    .     (helmet restricted)
rElec  .         Spirit   .     q - +0 cloak
rCorr  .         Warding  .     (no gloves)
rMut   .         Stasis   .     p - +0 pair of boots
MR     .....                    (no amulet)
Stlth  ..........               (no ring)
                                (no ring)

@: berserking, very quick, not resistant to hostile enchantments, extremely
unstealthy
A: retaliatory headbutt, horns 2
a: Burn Spellbooks, Berserk, Trog's Hand, Renounce Religion


You were on level 3 of the Dungeon.
You worshipped Trog.
Trog was most pleased with you.
You were not hungry.

You visited 1 branch of the dungeon, and saw 3 of its levels.

You collected 73 gold pieces.

Inventory:

Hand weapons
 a - a +0 mace
 d - a +0 whip
 r - a +1 mace of crushing (weapon)
Armour
 b - a +0 animal skin
 h - a +0 ring mail (worn)
 p - a +0 pair of boots (worn)
 q - a +0 cloak (worn)
Jewellery
 g - an uncursed amulet of resist corrosion
Scrolls
 i - a scroll of immolation {unknown}
 j - a scroll of remove curse {unknown}
 k - 2 scrolls of teleportation {unknown}
 l - 4 scrolls of identify {unknown}
 n - a scroll of fear {unknown}
Potions
 e - a potion of curing {unknown}
 o - a potion of invisibility {unknown}
Comestibles
 c - 2 bread rations
 f - 3 meat rations
 m - 3 beef jerkies
 s - 5 chunks of flesh


   Skills:
 - Level 3.6 Fighting
 * Level 8.1 Maces & Flails
 - Level 2.4 Armour
 - Level 2.1 Dodging


You had 5 spell levels left.
You didn't know any spells.

Dungeon Overview and Level Annotations

Branches:
Dungeon (3/15)

Altars:


Innate Abilities, Weirdness & Mutations

You reflexively headbutt those who attack you in melee.
You have a pair of horns on your head.


Message History

You barely miss the orc warrior. You headbutt the orc warrior.
The orc warrior is moderately wounded.
The goblin hits you but does no damage.
You closely miss the orc warrior. You headbutt the orc warrior!
The orc warrior is severely wounded.
The goblin hits you.
* * * LOW HITPOINT WARNING * * *
The orc warrior closely misses you.
You are too injured to fight recklessly!
Use which ability?
A red film seems to cover your vision as you go berserk!
You feel yourself moving faster!
You feel mighty!
You feel somewhat more hungry. The goblin closely misses you.
The orc warrior hits you with a halberd!
* * * LOW HITPOINT WARNING * * *
You hit the orc warrior.
The orc warrior is almost dead.
The goblin hits you but does no damage.
The orc warrior hits you with a halberd!!
You die...

.#+#....#.#
#.......##
##.....####.......#
#................#
##.#.#####>......##
#.#.## #.........
#....# #.........
########.#.#
###<###...
?......#.#.######.#
###.
%.....o@.#........#
#.
(.....g#...########
#. ########...# #.
#..#.# .. #.##...
#. #..## .. #..#
#.# #..# o. #..#


You could see an orc warrior and a goblin.

Vanquished Creatures
  2 crimson imps (D:3)
  An orc wizard (D:3)
  Crazy Yiuf (D:2)
  An orc priest (D:3)
  4 adders
  A worm (D:3)
  2 giant geckos
  5 orcs
  A ball python (D:1)
  11 bats
  5 giant cockroaches
  13 goblins
  7 hobgoblins
  2 jackals (D:3)
  12 kobolds
  2 giant newts (D:1)
  6 rats
76 creatures vanquished.

Notes
Turn   | Place    | Note
--------------------------------------------------------------
     0 | D:1      | DecibelRebel the Minotaur Berserker began the quest for the Orb.
     0 | D:1      | Reached XP level 1. HP: 19/19 MP: 0/0
     9 | D:1      | Reached skill level 4 in Maces & Flails
   123 | D:1      | Reached XP level 2. HP: 17/26 MP: 1/1
   460 | D:1      | Acquired Trog's second power
   655 | D:1      | Reached skill level 5 in Maces & Flails
   854 | D:1      | Reached XP level 3. HP: 31/31 MP: 2/2
  1076 | D:2      | Noticed Crazy Yiuf
  1085 | D:2      | Killed Crazy Yiuf
  1085 | D:2      | Reached XP level 4. HP: 39/39 MP: 3/3
  1203 | D:2      | Reached skill level 6 in Maces & Flails
  1914 | D:3      | Reached skill level 7 in Maces & Flails
  1914 | D:3      | Reached XP level 5. HP: 42/45 MP: 4/4
  2075 | D:3      | Reached skill level 8 in Maces & Flails
  2100 | D:3      | Noticed an orc warrior
  2104 | D:3      | Reached XP level 6. HP: 51/51 MP: 5/5
  2115 | D:3      | HP: 3/76 [orc warrior/halberd (17)]
  2116 | D:3      | Demolished by an orc warrior

Vault maps used:
D:1:      dpeg_arrival_shelter
D:2:      minmay_kobold_bridge, uniq_crazy_yiuf_cottage
D:3:      minmay_divided_ellipse

Action                   |  1- 3 |  4- 6 || total
-------------------------+-------+-------++-------
Melee: Whip              |    95 |       ||    95
       Mace              |     4 |    74 ||    78
Invok: Berserk           |     1 |     1 ||     2
  Eat: Chunk             |       |     5 ||     5
